[Event "*** SCC Grand Prix: Titled Tuesday Blitz"]
[Site "Chess.com"]
[Date "2020.06.09"]
[Round "2"]
[White "Chuchofrio1"]
[Black "MasterKroket"]
[Result "1-0"]
[WhiteElo "2212"]
[BlackElo "2425"]
[TimeControl "180+1"]
[EndTime "9:19:09 PDT"]
[Termination "Chuchofrio1 won on time"]

1. d4 Nf6 2. c4 e6 3. Nc3 Bb4 4. e3 O-O 5. Ne2 d5 6. a3 Bxc3+ 7. Nxc3 c5 8. dxc5 a5 9. cxd5 exd5 10. Be2 Be6 11. O-O Qc7 12. Bf3 Rd8 13. Ne2 Qxc5 14. Bd2 Nc6 15. Rc1 Qb6 16. Bc3 Ne4 17. Bd4 Qb5 18. Nc3 Nxc3 19. Bxc3 Bf5 20. Be2 Qb6 21.
Bd3 Be4 22. Qe2 Rac8 23. Rfd1 a4 24. Qg4 Bg6 25. h4 h5 26. Qg3 Ne7 27. Qe5 d4 28. Bxd4 Rxd4 29. Rxc8+ Nxc8 30. exd4 Nd6 31. Bxg6 fxg6 32. Qe6+ Kh7 33. d5 Qc5 34. Qe5 b5 35. Re1 b4 36. axb4 Qxb4 37. Re3 Nf5 38. Re4 Qd2 39.
Re2 Qd1+ 40. Kh2 Qd3 41. g3 a3 42. bxa3 Qxa3 43. Rd2 Qb4 44. Qe2 Qd6 45. Qe6 Qb4 46. Re2 Qd4 47. Qe4 Qd1 48. Qf3 Qd4 49. Re4 Qd2 50.
Qe2 Qb4 51. Re5 Qd4 52. Qe4 Qxf2+ 53. Qg2 Qd4 54. Qe2 1-0

[Event "*** SCC Grand Prix: Titled Tuesday Blitz"]
[Site "Chess.com"]
[Date "2020.06.09"]
[Round "2"]
[White "WIDBIFS"]
[Black "harlem4brew"]
[Result "1-0"]
[WhiteElo "2655"]
[BlackElo "2202"]
[TimeControl "180+1"]
[EndTime "9:19:10 PDT"]
[Termination "WIDBIFS won by checkmate"]

1. d4 Nf6 2. Nf3 g6 3. g3 Bg7 4. Bg2 O-O 5. O-O d6 6. c4 Nbd7 7. Nc3 c5 8. d5 a6 9. a4 Rb8 10. h3 Ne8 11. Qd3 Ne5 12. Nxe5 dxe5 13. a5 Nd6 14. e4 Qc7 15. Be3 f5 16. Kh2 f4 17.
Bd2 Qd7 18. g4 h5 19. f3 Bf6 20. Be1 Kh8 21. Bf2 Rf7 22. Rh1 Rh7 23. Kg1 Qc7 24.
Na4 Nf7 25. Nxc5 Ng5 26. b4 b6 27. axb6 Rxb6 28. h4 Nxf3+ 29. Qxf3 hxg4 30. Qc3 g3 31. Be1 Bxh4 32. Nd3 Bf6 33. Rxh7+ Kxh7 34. c5 Rb5 35. Bf3 g5 36. Nb2 g4 37. Be2 Rb8 38. Nc4 Bd7 39. d6 exd6 40. Nxd6 Rc8 41. Nxc8 Bxc8 42. Bxa6 Bxa6 43.
Rxa6 Qg7 44. Qc4 Bg5 45. Qe6 f3 46. Qf5+ Kh8 47. Ra8+ Qf8 48. Rxf8+ Kg7 49. Qf7+ Kh6 50. Rh8# 1-0

[Event "*** SCC Grand Prix: Titled Tuesday Blitz"]
[Site "Chess.com"]
[Date "2020.06.09"]
[Round "2"]
[White "biaf13"]
[Black "vpsetter"]
[Result "1/2-1/2"]
[WhiteElo "2046"]
[BlackElo "2636"]
[TimeControl "180+1"]
[EndTime "9:19:10 PDT"]
[Termination "Game drawn by repetition"]

1. e4 e5 2. Nf3 Nc6 3. Bc4 Bc5 4. c3 Nf6 5. d3 a6 6. Bb3 Ba7 7. Nbd2 d5 8. exd5 Nxd5 9. O-O O-O 10. Re1 Nf4 11.
Nxe5 Nxe5 12. Rxe5 Bxf2+ 13. Kh1 Qf6 14. Nf3 Bb6 15. d4 Ng6 16. Re1 Bg4 17. Qd3 c5 18. Bg5 Qd6 19. d5 Bc7 20. g3 b5 21. c4 h6 22. Bd2 Qf6 23. Rf1 Qxb2 24. Bc3 Qa3 25. d6 Ba5 26. Bxa5 Qxa5 27. cxb5 axb5 28. Qxg6 Bxf3+ 29. Rxf3 c4 30. Bxc4 bxc4 31. Qf5 Qxf5 32. Rxf5 Rfd8 33.
Rc5 Rxd6 34. Rxc4 Rd2 35. a4 Re8 36. Rh4 Rd5 37. a5 Ra8 38. a6 Rd7 39. Rha4 Rda7 40.
Kg2 g6 41. Kf3 Kg7 42. Ke4 Re7+ 43. Kd5 Rd8+ 44. Kc6 Rc8+ 45. Kb6 Rb8+ 46. Kc6 Rc8+ 47. Kb6 Rb8+ 48. Kc6 Rc8+ 1/2-1/2

[Event "*** SCC Grand Prix: Titled Tuesday Blitz"]
[Site "Chess.com"]
[Date "2020.06.09"]
[Round "2"]
[White "isla88"]
[Black "Benjoneliere44"]
[Result "0-1"]
[WhiteElo "2282"]
[BlackElo "2475"]
[TimeControl "180+1"]
[EndTime "9:19:10 PDT"]
[Termination "Benjoneliere44 won by resignation"]

1. b3 g6 2. Bb2 Nf6 3. Bxf6 exf6 4. c4 f5 5. Nc3 h5 6. g3 h4 7. Nf3 h3 8. d4 d6 9. e4 c6 10. Bd3 fxe4 11. Nxe4 Bg7 12. O-O O-O 13. Rc1 Bg4 14. Be2 Re8 15. Ned2 d5 16. cxd5 Qxd5 17. Rc5 Qd8 18.
Rg5 Be6 19. Bc4 Nd7 20. Bxe6 Rxe6 21. d5 cxd5 22. Rxd5 Qe7 23. Nc4 Nf6 24. Rd6 Rxd6 25. Qxd6 Qxd6 26. Nxd6 b6 27. Ng5 Rf8 28. Nxh3 Rd8 29.
Nc4 b5 30. Ne5 Ne4 31. Nc6 Rd7 32. Re1 f5 33. f3 Nc3 34. Ng5 Bf6 35. h4 Bxg5 36.
hxg5 Nxa2 37. Re8+ Kf7 38. Re2 Rd1+ 39. Kg2 Nc3 40.
Nd8+ Kf8 41. Ne6+ Ke7 42. Re3 Nd5 43. Re5 Kd6 44. f4 a5 45. Nf8 a4 46. bxa4 bxa4 47. Nxg6 a3 48. Re2 Nc3 49. Rc2 a2 50. Nh4 a1=Q 51.
Nxf5+ Kd7 52. Rf2 Rg1+ 53. Kf3 Ne4 54. Kxe4 Qb1+ 55. Kf3 Qxf5 56. Rd2+ Ke6 57. Re2+ Kf7 58. Re5 Qd3+ 59. Kg4 Qxg3+ 60. Kf5 Qh3+ 61. Ke4 Re1+ 62.
Kd5 Rxe5+ 0-1

[Event "*** SCC Grand Prix: Titled Tuesday Blitz"]
[Site "Chess.com"]
[Date "2020.06.09"]
[Round "2"]
[White "Fortitudine"]
[Black "LisikValera"]
[Result "0-1"]
[WhiteElo "2264"]
[BlackElo "2469"]
[TimeControl "180+1"]
[EndTime "9:19:10 PDT"]
[Termination "LisikValera won by resignation"]

1. c4 c6 2. Nf3 d5 3. b3 Bg4 4. Ne5 Bf5 5. Bb2 e6 6. g3 Nd7 7.
Nxd7 Qxd7 8. Bg2 Nf6 9. O-O Be7 10. d3 O-O 11. Nd2 h6 12. Nf3 Bh7 13. Ne5 Qc7 14. Rc1 Nd7 15. Nxd7 Qxd7 16. Qd2 Bd6 17. Rfd1 Qe7 18. f4 Rad8 19. Qc3 d4 20. Qe1 e5 21.
fxe5 Bxe5 22. e4 Bg6 23. Qe2 Qg5 24. Rc2 Bh5 25. Bf3 Bxf3 26. Qxf3 Rd6 27. Bc1 Qg6 28. Rf2 Rf6 29. Qe2 Rxf2 30. Qxf2 Re8 31. Rf1 Re6 32. Qf5 Qxf5 33. Rxf5 f6 34. Bd2 g5 35. Kg2 Kg7 36. Kf3 Kg6 37. h4 b5 38. g4 bxc4 39. dxc4 c5 40. h5+ Kf7 41. Ke2 Ra6 42. a4 Rb6 43.
Rf3 Ke6 44. Rd3 Bf4 45. Be1 Ke5 46. Kf3 Rb7 47. Ba5 Ke6 48. Be1 Bc1 49. Bg3 Be3 50.
Be1 Bc1 51. Bg3 Bb2 52. Be1 Bc3 53. Bxc3 Rxb3 54. Ke2 Rxc3 55. Rxc3 dxc3 56. Kd3 Ke5 57. Kxc3 Kxe4 58. a5 a6 59. Kc2 f5 60. gxf5 Kxf5 61.
Kd2 Kf4 62. Ke2 Ke4 63. Kf2 Kd4 64. Kg3 Kxc4 0-1

[Event "*** SCC Grand Prix: Titled Tuesday Blitz"]
[Site "Chess.com"]
[Date "2020.06.09"]
[Round "2"]
[White "MacDaddyMac"]
[Black "KobyKalavannan"]
[Result "0-1"]
[WhiteElo "2296"]
[BlackElo "2509"]
[TimeControl "180+1"]
[EndTime "9:19:11 PDT"]
[Termination "KobyKalavannan won by resignation"]

1. e4 c5 2. Nc3 Nc6 3. f4 g6 4.
Nf3 Bg7 5. Bb5 Nd4 6. O-O a6 7. Bc4 b5 8. Bd5 Rb8 9. e5 e6 10. Be4 d5 11. exd6 Qxd6 12. Nxd4 cxd4 13. Ne2 Nf6 14. d3 O-O 15. Ng3 Nxe4 16. dxe4 Bb7 17. f5 exf5 18. exf5 Rbc8 19. Bf4 Qc6 20. Rf2 d3 21. Qxd3 Bxb2 22. Rd1 Rfd8 23. Qxd8+ Rxd8 24. Rxd8+ Kg7 25. fxg6 hxg6 26. Be3 Qc7 27. Bd4+ Bxd4 28. Rxd4 Bc8 29. a4 Qc3 30. Rdf4 Be6 31. axb5 axb5 32. R4f3 Qe1+ 33. Nf1 Bc4 34. h3 Kf8 35. Kh2 Be6 36. Ng3 Qe5 37. Re2 Qd6 38. Rd3 Qc7 39. Rf3 Kg7 40. Ref2 Bd5 41. Rd3 Bc4 42. Re3 f5 43.
Ref3 Bd5 44. Rd3 Be4 45. Rb3 Bc6 46. Rc3 b4 47. Rc4 Qb6 48. Rff4 b3 49. cxb3 Bd5 50.
Rb4 Qd6 51. Rfd4 f4 52. Ne2 f3+ 53. Ng3 fxg2 54. Rxd5 Qxd5 55. Rf4 Qd2 56. Kg1 Qxf4 57. Kxg2 Qd2+ 58. Kg1 Qc3 59. b4 Qxg3+ 60. Kf1 Qxh3+ 0-1

[Event "*** SCC Grand Prix: Titled Tuesday Blitz"]
[Site "Chess.com"]
[Date "2020.06.09"]
[Round "2"]
[White "Dmitry_Konenkin"]
[Black "LionTheLeon_06"]
[Result "0-1"]
[WhiteElo "2377"]
[BlackElo "2690"]
[TimeControl "180+1"]
[EndTime "9:19:12 PDT"]
[Termination "LionTheLeon_06 won on time"]

1. d4 Nf6 2. Bg5 e6 3. e4 h6 4. Bxf6 Qxf6 5. Nc3 d6 6. Qd2 g6 7. O-O-O Bg7 8. f4 Nd7 9. Nf3 Qe7 10. g4 b6 11. Nb5 O-O 12. Nxc7 Rb8 13. Na6 Bxa6 14. Bxa6 b5 15. Qa5 Qd8 16. Qxd8 Rfxd8 17. a4 bxa4 18. f5 exf5 19. gxf5 gxf5 20. exf5 Rb6 21. Bc4 Rdb8 22. b3 Nf6 23. bxa4 Ne4 24. Bb3 Nf2 25. Rhg1 Kf8 26.
Rdf1 Nd3+ 27. Kd2 Nf4 28. Ke3 Nh5 29. Nd2 Nf6 30. Kd3 d5 31. Rf3 Rd6 32. Rfg3 Bh8 33. Nf3 Ke7 34. Ne5 Rc8 35. Rh3 Ne4 36. c4 Nf2+ 37.
Ke3 Nxh3 38. Re1 dxc4 39. Nxc4 Rdc6 40. Kf3+ Kf8 41. Ne3 Rc3 42. Bd5 Ng5+ 43. Kf4 Bxd4 44. Ng4 Bg7 45. f6 Bh8 46. Nxh6 Nh3+ 47. Ke5 Re8+ 48.
Kd6 Rxe1 49. Nxf7 Bxf6 50. Be6 Be7+ 51. Kd5 Rxe6 52. Ne5 Rxe5+ 53. Kxe5 Ra3 0-1

[Event "*** SCC Grand Prix: Titled Tuesday Blitz"]
[Site "Chess.com"]
[Date "2020.06.09"]
[Round "2"]
[White "Maxim_e2e4"]
[Black "maciek_92"]
[Result "0-1"]
[WhiteElo "2357"]
[BlackElo "2678"]
[TimeControl "180+1"]
[EndTime "9:19:12 PDT"]
[Termination "maciek_92 won by checkmate"]

1. e4 c5 2. Nf3 e6 3. d3 Nc6 4. g3 g6 5. Bg2 Bg7 6. O-O Nge7 7.
c3 d5 8. Qe2 O-O 9. e5 f5 10.
Bf4 h6 11. h4 b5 12. a4 b4 13. c4 dxc4 14. dxc4 Ba6 15. Rd1 Qe8 16. Nbd2 Na5 17. Rdc1 Nd5 18. Ne1 Nxf4 19. gxf4 Rd8 20. Qe3 Qe7 21.
h5 g5 22. Nef3 g4 23. Ne1 Rd7 24. Nb3 Nxb3 25. Qxb3 Rd4 26. Qe3 Rfd8 27. b3 Bf8 28. Ra2 Qh4 29. Rcc2 Qxh5 30. Rd2 Qe8 31. Rd3 R8d7 32.
Rad2 Qd8 33. Bc6 Rxd3 34. Rxd3 Rxd3 35. Nxd3 Qc7 36. Bg2 h5 37. f3 h4 38. fxg4 fxg4 39.
Be4 Bb7 40. f5 exf5 41. Qg5+ Bg7 42. Qxf5 Bxe4 43. Qxe4 Qd7 44. Qd5+ Qf7 45. e6 Qe7 46. Nxc5 h3 47. Nd7 g3 48. Qf5 h2+ 49. Kg2 Qh4 50.
Qf7+ Kh8 51. Nf8 h1=Q# 0-1

[Event "*** SCC Grand Prix: Titled Tuesday Blitz"]
[Site "Chess.com"]
[Date "2020.06.09"]
[Round "2"]
[White "IljaJoke"]
[Black "carlesdc96"]
[Result "1/2-1/2"]
[WhiteElo "2489"]
[BlackElo "2726"]
[TimeControl "180+1"]
[EndTime "9:19:14 PDT"]
[Termination "Game drawn - insufficient material"]

1. d4 e6 2. c4 d5 3. Nf3 Nf6 4. g3 Be7 5. Bg2 O-O 6. O-O dxc4 7. Qc2 c6 8. Qxc4 b5 9. Qb3 Bb7 10. Rd1 Nbd7 11. Bg5 Qb6 12. a4 a6 13. Ne5 Rfd8 14.
Nxd7 Rxd7 15. Nc3 Rad8 16. Bxf6 Bxf6 17. e3 e5 18. Ne4 exd4 19. Nxf6+ gxf6 20. exd4 Rxd4 21.
Rxd4 Rxd4 22. a5 Qc7 23. Qf3 Qe5 24. h4 h5 25. Qc3 Rd7 26. Rc1 Kg7 27. b4 Rd1+ 28.
Kh2 Rd6 29. Qf3 Qd5 30. Qf4 Qe5 31. Qf3 Qd5 32. Qc3 Qd4 33. Qxd4 Rxd4 34. Bxc6 Bxc6 35. Rxc6 Rxb4 36. Rxa6 Ra4 37. Kg2 Kg6 38. Rb6 Rxa5 39. Kh2 Kf5 40. Kg2 Ke5 41. Kh3 Kd5 42. Rxf6 Kc4 43. Rf5 Ra2 44. Rxh5 Rxf2 45. Rh8 b4 46. Rc8+ Kb3 47. Rb8 Kc3 48. h5 Rf1 49. Kg4 b3 50.
Kg5 Rh1 51. h6 b2 52. g4 b1=Q 53. Rxb1 Rxb1 54. Kf6 Rb6+ 55. Kxf7 Rxh6 56. g5 Rb6 57. g6 Kd4 58. g7 Rb7+ 59. Kf8 Rxg7 60. Kxg7 1/2-1/2

[Event "*** SCC Grand Prix: Titled Tuesday Blitz"]
[Site "Chess.com"]
[Date "2020.06.09"]
[Round "2"]
[White "volcanoexplorer"]
[Black "1stSecond"]
[Result "0-1"]
[WhiteElo "2549"]
[BlackElo "2791"]
[TimeControl "180+1"]
[EndTime "9:19:15 PDT"]
[Termination "1stSecond won by checkmate"]

1. e4 c5 2. Nf3 Nc6 3. d4 cxd4 4. Nxd4 e6 5. Be2 Nf6 6. Nc3 Qc7 7. O-O a6 8. Be3 d6 9. f4 Be7 10. Kh1 Na5 11.
Qe1 Nc4 12. Bc1 b5 13. Qg3 b4 14. Na4 Nxe4 15. Qf3 Bb7 16. Qd3 d5 17. b3 Ncd6 18. f5 e5 19. Nf3 f6 20. Bb2 O-O 21. Nh4 d4 22. Rac1 Nc3 23. Bxc3 bxc3 24. Qh3 Qc6 25.
Bf3 e4 26. Bh5 Rfd8 27. Ng6 Bf8 28. Nf4 Bc8 29. Ne6 Bxe6 30. fxe6 Ra7 31. Bg4 Re7 32. Rfe1 Qd5 33. Nb6 Qe5 34. Nc4 Nxc4 35. bxc4 g6 36.
Rcd1 f5 37. Be2 Rxe6 38. Bf1 Qf6 39. g3 Bc5 40. Qg2 Kg7 41. Be2 Red6 42. Bf1 d3 43. g4 dxc2 44. Rc1 Rd2 45. Re2 Rxe2 46. Bxe2 Rd2 47.
gxf5 Qxf5 48. Qg3 Rxe2 49. Qc7+ Kh6 50. Qg3 Qf3+ 51. Qxf3 exf3 52. a4 Be3 53. a5 Bxc1 54. h4 Bf4 55. h5 c1=Q# 0-1

[Event "*** SCC Grand Prix: Titled Tuesday Blitz"]
[Site "Chess.com"]
[Date "2020.06.09"]
[Round "2"]
[White "temus_galaktionov"]
[Black "Julianos82"]
[Result "0-1"]
[WhiteElo "2710"]
[BlackElo "2377"]
[TimeControl "180+1"]
[EndTime "9:19:15 PDT"]
[Termination "Julianos82 won by resignation"]

1. d4 d5 2. Nf3 c6 3. c4 dxc4 4. e3 Be6 5. a4 Nf6 6. Na3 c5 7.
Bxc4 Bxc4 8. Nxc4 e6 9. O-O Nc6 10. dxc5 Qxd1 11. Rxd1 Ne4 12. Nd6+ Nxd6 13. cxd6 Rd8 14.
b3 Bxd6 15. Bb2 f6 16. Kf1 Ke7 17. Ke2 Bb4 18. Rac1 Rxd1 19. Kxd1 Rd8+ 20. Ke2 a6 21. Rc4 Bd6 22. h3 h5 23. Nd4 Nxd4+ 24. Bxd4 Rd7 25.
Bb6 f5 26. Rc8 Be5 27. f4 Bf6 28. Bc5+ Kf7 29. Rf8+ Kg6 30. Rb8 e5 31. b4 e4 32. b5 axb5 33. axb5 Kf7 34. Rf8+ Kg6 35. Rc8 Kf7 36. g3 g6 37. Bb4 Ke6 38. Rg8 Kf7 39.
Rc8 Ke6 40. Ba5 Rd5 41. Bd2 Rxb5 42. Kd1 Rd5 43. Kc2 Rd6 44. Re8+ Kf7 45. Rb8 Rd7 46. Bb4 g5 47. Bd2 g4 48. hxg4 hxg4 49. Bb4 Ke6 50. Re8+ Kd5 51. Rf8 Ke6 52. Re8+ Be7 53. Bxe7 Rxe7 54.
Rf8 Rf7 55. Rd8 Rc7+ 56. Kd2 Rd7+ 57. Rxd7 Kxd7 58. Kc3 Kc6 59. Kc4 b5+ 60. Kb4 Kb6 61.
Kb3 Kc5 62. Kc3 b4+ 63. Kb3 Kb5 64. Kb2 Kc4 65. Kc2 b3+ 66. Kb2 Kd3 0-1

[Event "*** SCC Grand Prix: Titled Tuesday Blitz"]
[Site "Chess.com"]
[Date "2020.06.09"]
[Round "2"]
[White "Shtembuliak"]
[Black "MoonlighT89"]
[Result "1-0"]
[WhiteElo "2856"]
[BlackElo "2574"]
[TimeControl "180+1"]
[EndTime "9:19:16 PDT"]
[Termination "Shtembuliak won by resignation"]

1. c4 Nf6 2. Nc3 e6 3. e4 Nc6 4. d4 d6 5. f4 e5 6. d5 Nd4 7. Be3 c5 8. dxc6 Nxc6 9. Be2 Be7 10. Qd2 exf4 11. Bxf4 O-O 12. Nf3 Bg4 13. O-O Bxf3 14.
gxf3 Rc8 15. Kh1 Ne5 16. b3 Ng6 17. Be3 Re8 18. f4 Bf8 19. f5 Ne5 20. Rg1 Kh8 21. Rg3 b5 22. Rag1 bxc4 23. Bh6 gxh6 24. Nd5 Ng6 25.
fxg6 fxg6 26. Nxf6 Qxf6 27. Bxc4 Bg7 28. Rf1 Qd4 29.
Qxd4 Bxd4 30. Rg4 Re7 31. Rgf4 Be5 32. Rf7 Rxf7 33. Rxf7 Bd4 34. Kg2 Bc5 35. Kf3 a5 36.
Ke2 Re8 37. Kd3 Rd8 38. Bd5 Re8 39. Kc4 Rb8 40. h3 Rb4+ 41. Kd3 Rd4+ 42. Ke2 Rb4 43. Rd7 Rb8 44. Rc7 Re8 45. Kd3 Rf8 46. e5 Bb4 47.
e6 Re8 48. e7 Kg7 49. Bc6 Kf7 50. Bxe8+ Kxe8 51. Ke4 d5+ 52. Kxd5 Bxe7 53. Ke6 Bb4 54. Rxh7 h5 55. Rh8+ Bf8 56. h4 1-0

[Event "*** SCC Grand Prix: Titled Tuesday Blitz"]
[Site "Chess.com"]
[Date "2020.06.09"]
[Round "2"]
[White "Margarita2907"]
[Black "letsgoband"]
[Result "0-1"]
[WhiteElo "2047"]
[BlackElo "2408"]
[TimeControl "180+1"]
[EndTime "9:19:16 PDT"]
[Termination "letsgoband won by resignation"]

1. e4 e5 2. Nf3 Nc6 3. Bc4 Nf6 4.
d3 Bc5 5. c3 d6 6. h3 a6 7. a4 Ba7 8. Nbd2 h6 9. Bb3 O-O 10. O-O Be6 11. Re1 Qd7 12. Nf1 Ne7 13. Ng3 c5 14. d4 Bxb3 15. Qxb3 Nc6 16. dxe5 dxe5 17. Rd1 Qc7 18. Be3 Na5 19. Qc2 c4 20.
Nf5 Bxe3 21. Nxe3 Nb3 22. Rab1 b5 23. axb5 axb5 24. Nd5 Nxd5 25. exd5 Qd6 26. Qe4 Rae8 27. Nh4 g6 28. Qe3 Kh7 29. Nf3 f5 30. Nd2 Nc5 31. Nf1 Nd3 32. b3 Qxd5 33. Qa7+ Rf7 34. Qa5 Qc5 35. bxc4 Qxf2+ 36. Kh1 bxc4 37. Qb5 Qf4 38. Qxe8 Rg7 39. Qc6 Nf2+ 40. Kg1 Nxd1 41. Rxd1 e4 42. Rd7 e3 43. Rxg7+ Kxg7 44. Qd7+ Kg8 45. Qd8+ Kf7 46. Qd7+ Kf6 47. Qe8 Qf2+ 48. Kh1 Qxf1+ 49. Kh2 Qf4+ 50. Kh1 Qe4 51. Qf8+ Kg5 52. Qd8+ Kh5 53. Qg8 e2 54. Kh2 e1=Q 55. g4+ fxg4 56. hxg4+ 0-1

[Event "*** SCC Grand Prix: Titled Tuesday Blitz"]
[Site "Chess.com"]
[Date "2020.06.09"]
[Round "2"]
[White "Rodalquilar"]
[Black "Micki-taryan"]
[Result "1/2-1/2"]
[WhiteElo "2626"]
[BlackElo "3021"]
[TimeControl "180+1"]
[EndTime "9:19:17 PDT"]
[Termination "Game drawn by repetition"]

1. d4 Nf6 2. c4 e6 3. Nc3 Bb4 4. Qc2 b6 5. e4 c5 6. d5 exd5 7. exd5 Qe7+ 8. Ne2 O-O 9. Bd2 d6 10. f3 Nbd7 11. O-O-O Ne5 12. Ng3 a6 13. f4 Neg4 14. Re1 Qb7 15. h3 Nh6 16. Bd3 b5 17. Nge4 Nxe4 18. Bxe4 f5 19. Bd3 Bd7 20. Re7 Rae8 21. Rhe1 Rxe7 22. Rxe7 Rf7 23. Rxf7 Kxf7 24. g4 g6 25. g5 Ng8 26. a3 Ba5 27. h4 h5 28. Qb3 Ne7 29. cxb5 Bxc3 30. Qxc3 Bxb5 31. Qf6+ Ke8 32. Bxb5+ axb5 33. Qxd6 Qxd5 34. Qc7 Nc6 35.
Bc3 Qd7 36. Qb6 b4 37. axb4 Nxb4 38. Bxb4 cxb4 39. Qxb4 Qc6+ 40. Kb1 Qh1+ 41. Ka2 Qxh4 42. Qb8+ Ke7 43. Qe5+ Kd7 44. Qg7+ Kc8 45. Qxg6 Qxf4 46. Qe6+ Kd8 47. Qd5+ Ke7 48. Qb7+ Kf8 49. Qc8+ Kg7 50.
Qd8 Kg6 51. Qf6+ Kh7 52. g6+ Kh6 53. g7+ Kh7 54. Qf7 Qa4+ 55. Kb1 Qe4+ 56. Ka2 Qa4+ 57.
Kb1 Qe4+ 58. Ka2 Qa8+ 59. Kb1 Qh1+ 60. Ka2 Qa8+ 61. Kb1 Qe4+ 1/2-1/2

[Event "*** SCC Grand Prix: Titled Tuesday Blitz"]
[Site "Chess.com"]
[Date "2020.06.09"]
[Round "2"]
[White "Andreikka"]
[Black "Ginger_GM"]
[Result "1-0"]
[WhiteElo "2906"]
[BlackElo "2583"]
[TimeControl "180+1"]
[EndTime "9:19:18 PDT"]
[Termination "Andreikka won by resignation"]

1. c4 f5 2. Nc3 Nf6 3. g3 d6 4. d4 e6 5. Nf3 Be7 6. Bg2 O-O 7. O-O Ne4 8. Qc2 Nxc3 9. bxc3 Nc6 10.
e4 e5 11. c5 fxe4 12. Qxe4 d5 13. Qe2 e4 14. Nd2 Bf6 15. Nb3 Bf5 16. f3 exf3 17. Bxf3 Qd7 18. Bf4 Rae8 19. Qg2 g5 20. Bxd5+ Kg7 21.
Bd2 Bh3 22. Qh1 Bxf1 23. Rxf1 Bd8 24. Rxf8 Rxf8 25. Qe4 Qh3 26. Qd3 Qf5 27. Qxf5 Rxf5 28. Be4 Rf8 29. g4 Re8 30. Bf3 Bf6 31. Kf2 Nd8 32. Na5 b6 33. cxb6 axb6 34. Nc4 Nf7 35. a4 Nd6 36. Nxd6 cxd6 37. h3 Re7 38. Bd5 Ra7 39.
Bc6 Rc7 40. d5 Bd8 41. Be3 Rf7+ 42. Ke2 Re7 43. Kd3 Kg6 44. Bb5 h5 45. c4 hxg4 46.
hxg4 Kh6 47. Ba6 Rf7 48. Ke2 Rf8 49. Bc8 Kg6 50. Bd7 Rf7 51. Be8 Kg7 52. Bxf7 Kxf7 53. Kd3 Kf6 54. Ke4 Bc7 55. Bd4+ Kg6 56. Kd3 Kf7 57. Kc3 Ke7 58. Kb4 Kd7 59. Kb5 1-0

[Event "*** SCC Grand Prix: Titled Tuesday Blitz"]
[Site "Chess.com"]
[Date "2020.06.09"]
[Round "2"]
[White "mbojan"]
[Black "alexsergeyev"]
[Result "1-0"]
[WhiteElo "2631"]
[BlackElo "2341"]
[TimeControl "180+1"]
[EndTime "9:19:18 PDT"]
[Termination "mbojan won on time"]

1. e4 e5 2. Nf3 Nf6 3. Nxe5 d6 4.
Nf3 Nxe4 5. Qe2 Qe7 6. d3 Nf6 7. Bg5 Nbd7 8. Nc3 h6 9. Bh4 g5 10.
Bg3 Bg7 11. Qxe7+ Kxe7 12. O-O-O Nh5 13. d4 f5 14. h3 f4 15. Bh2 Nb6 16. Bd3 Be6 17.
Rhe1 Kd7 18. d5 Nxd5 19. Nxd5 Bxd5 20. Bf5+ Kc6 21. Re7 Bxf3 22. gxf3 Be5 23. b4 Nf6 24. h4 a5 25. b5+ Kb6 26. a4 Rae8 27. Rf7 Ref8 28.
Rxf8 Rxf8 29. Bh3 Rf7 30. Rg1 Rg7 31. Bf5 Ng8 32. Kd2 Ne7 33. Be4 d5 34. Bd3 Kc5 35. Rf1 Kd6 36. Rh1 c5 37. bxc6 bxc6 38. Rb1 Nc8 39. Rb8 Kc7 40. Rb1 Nb6 41. Re1 Kd6 42. Rb1 Nxa4 43. Rb8 Bc3+ 44. Kd1 Re7 45. Be2 Bd4 46. Rd8+ Kc5 47. hxg5 Nc3+ 48. Kd2 Rxe2+ 49. Kd3 Rxf2 50. Bxf4 Nd1 51. Bd6+ 1-0

[Event "*** SCC Grand Prix: Titled Tuesday Blitz"]
[Site "Chess.com"]
[Date "2020.06.09"]
[Round "2"]
[White "Semen_Khanin"]
[Black "elohunter1999"]
[Result "1-0"]
[WhiteElo "2734"]
[BlackElo "2488"]
[TimeControl "180+1"]
[EndTime "9:19:19 PDT"]
[Termination "Semen_Khanin won by resignation"]

1. e4 e5 2. Nf3 Nc6 3. Bb5 a6 4. Ba4 Nf6 5. O-O Be7 6. d3 b5 7. Bb3 d6 8. a3 O-O 9. Nc3 Bg4 10.
Be3 Nd4 11. Bxd4 exd4 12. Nd5 Nxd5 13. Bxd5 Rc8 14. Bc6 Bd7 15. Bxd7 Qxd7 16. Nxd4 Bf6 17. c3 d5 18. Nf5 Rfe8 19. Qg4 Rcd8 20. Rfe1 g6 21.
Nh6+ Kg7 22. Nf5+ Kf8 23. Ne3 dxe4 24. dxe4 Qxg4 25. Nxg4 Bg7 26. Rab1 h5 27. Ne3 Rxe4 28. Rbd1 Ree8 29. Kf1 c6 30. Rxd8 Rxd8 31. Ke2 Ke7 32. h4 f5 33. g3 Rd6 34. Kf3 Re6 35. Rd1 Rd6 36. Rxd6 Kxd6 37. Ng2 Ke6 38. Nf4+ Kf7 39.
Nd3 Bf8 40. Ne5+ Kf6 41. Nxc6 Bd6 42. Nb4 a5 43. Nd5+ Kf7 44. Ke2 Ke6 45. Nf4+ Kf6 46. Nd3 g5 47. hxg5+ Kxg5 48. Kf3 Kf6 49. Nf4 Kg5 50.
Nd5 Be5 51. Nf4 Bd6 52. Ne6+ Kf6 53. Nd4 b4 54. cxb4 axb4 55. a4 Be5 56. Nc6 Bxb2 57. Nxb4 Bc3 58. Nd5+ Ke5 59. Nxc3 1-0

[Event "*** SCC Grand Prix: Titled Tuesday Blitz"]
[Site "Chess.com"]
[Date "2020.06.09"]
[Round "2"]
[White "Tesla37"]
[Black "aleksandrovaleksei"]
[Result "1-0"]
[WhiteElo "2924"]
[BlackElo "2593"]
[TimeControl "180+1"]
[EndTime "9:19:20 PDT"]
[Termination "Tesla37 won on time"]

1. Nf3 Nf6 2. g3 b5 3. Bg2 Bb7 4. O-O e6 5. d3 Be7 6. e4 d6 7. a4 b4 8. Nbd2 O-O 9. Re1 c5 10. b3 Nc6 11. Bb2 Nd7 12. Nc4 Qc7 13. a5 Rad8 14. h4 Bf6 15. Qc1 Nd4 16. Nh2 Nb5 17.
Bxf6 Nxf6 18. Qd2 Rfe8 19. Ne3 d5 20. e5 Nd7 21. Neg4 h6 22. h5 Nd4 23. Nf3 Nb8 24.
Nxd4 cxd4 25. Qxb4 Nc6 26. Qd2 Qe7 27. f4 Qb4 28.
Qf2 Qc5 29. f5 exf5 30. Qxf5 Bc8 31. Qf4 Bxg4 32. Qxg4 Nxe5 33. Qf5 f6 34. Re2 Qc3 35. Rae1 Qxa5 36. g4 Qc7 37. g5 hxg5 38. h6 Qf7 39. hxg7 Qxg7 40. Bh3 Kf8 41. Kf2 Qh6 42. Rxe5 Qh4+ 43.
Kg2 g4 44. Rxe8+ Rxe8 45. Rxe8+ Kxe8 46. Bxg4 Qh6 47. Qe6+ Kf8 48. Qd6+ Kg7 49. Qd7+ Kg6 50. Qf5+ Kg7 51. Qxd5 Qd2+ 52. Kh3 Qxc2 53. Qd7+ Kh6 54. Qxd4 1-0

[Event "*** SCC Grand Prix: Titled Tuesday Blitz"]
[Site "Chess.com"]
[Date "2020.06.09"]
[Round "2"]
[White "CrushingKings"]
[Black "Chess_Boxer123"]
[Result "1-0"]
[WhiteElo "2509"]
[BlackElo "2726"]
[TimeControl "180+1"]
[EndTime "9:19:21 PDT"]
[Termination "CrushingKings won by resignation"]

1. e4 c5 2. d4 cxd4 3. c3 Nf6 4. e5 Nd5 5. Nf3 Nc6 6. Bc4 Nb6 7. Bb3 d5 8. exd6 Qxd6 9. O-O Be6 10. Na3 Bxb3 11. Qxb3 e6 12. Nb5 Qd7 13. Nbxd4 Nxd4 14. Nxd4 Be7 15. Rd1 O-O 16. Nf5 Qc7 17. Nxe7+ Qxe7 18. Bf4 Nd5 19. Bg3 Rfd8 20. c4 Nb6 21. Qc2 h6 22. b3 Rxd1+ 23. Rxd1 Rd8 24. h3 Rxd1+ 25. Qxd1 Qd7 26.
Qf3 f6 27. Bf4 e5 28. Be3 Nc8 29. Qe4 a6 30. Qg6 Ne7 31. Qe4 Nc6 32. Qg6 Ne7 33. Qe4 Nf5 34. Bc5 Nd4 35. Bxd4 exd4 36. Kf1 Kf7 37.
Ke2 b5 38. Qd5+ Qe6+ 39. Kd3 bxc4+ 40. Qxc4 Ke7 41. Qxe6+ Kxe6 42. Kxd4 Kd6 43. a3 Kc6 44. Kc4 g5 45. b4 h5 46. a4 f5 47. Kd4 g4 48. h4 f4 49. Ke4 f3 50. gxf3 g3 51. fxg3 a5 52. bxa5 Kb7 53. g4 Ka6 54. gxh5 Kxa5 55.
h6 1-0

[Event "*** SCC Grand Prix: Titled Tuesday Blitz"]
[Site "Chess.com"]
[Date "2020.06.09"]
[Round "2"]
[White "SilviusTiberius"]
[Black "Ruchess27"]
[Result "0-1"]
[WhiteElo "2463"]
[BlackElo "2312"]
[TimeControl "180+1"]
[EndTime "9:19:21 PDT"]
[Termination "Ruchess27 won by checkmate"]

1. e4 e5 2. Nf3 Nc6 3. Bb5 a6 4. Ba4 Nf6 5. O-O Be7 6. Re1 b5 7. Bb3 O-O 8. a4 Bb7 9. d4 d6 10. Nc3 b4 11. Nd5 Re8 12. dxe5 Nxe5 13. Nxe5 dxe5 14.
Nxe7+ Qxe7 15. Qf3 h6 16. a5 Rad8 17. Ba4 Rf8 18.
h3 Nxe4 19. Rxe4 f5 20. Qb3+ Bd5 21. Qxb4 c5 22. Rxe5 Qxe5 23. Qxc5 Qe4 24. f3 Qe1+ 25. Kh2 Bxf3 26. Bb3+ Kh8 27. Bxh6 Qe2 28. Rg1 gxh6 29. Qc3+ Kh7 30. Qxf3 Qxf3 31. gxf3 Rd2+ 32. Rg2 Rfd8 33. Rxd2 Rxd2+ 34. Kg3 Kg6 35. Kf4 Kf6 36. h4 Rd4+ 37. Kg3 Ke5 38. c3 Rd2 39. Bc4 Rxb2 40. Bxa6 Ra2 41. Bc8 Rxa5 42. h5 Rc5 43. Bd7 Rxc3 44. Be8 Ra3 45. Bg6 Kf6 46. Bh7 Kg5 47. Bg6 f4+ 48. Kh3 Rxf3+ 49. Kg2 Rg3+ 50. Kf2 Ra3 51. Kg2 Kg4 52. Kh2 Ra2+ 53. Kg1 Kg3 54. Bf7 Ra1# 0-1